A- SE
LAKELAND FLYING TIGERS @ DAYTONA TORTUGAS
05/26/2042
 
TOP OF THE 1ST
Lakeland Flying Tigers batting - Pitching for Daytona Tortugas : RHP Kel Carlson
Pitching: RHP Kel Carlson
Batting: RHB Ismael Mason 0-0: Fly out, F5 (Popup, 56S, EV 71.3 MPH)
Batting: RHB Ghassan Umair 0-0: Ground out 6-3 (Groundball, 6, EV 85.0 MPH)
Batting: LHB José Ríos 0-0: Called Strike
0-1: Swinging Strike
0-2: Ball
1-2: Ball
2-2: Ball
3-2: Fly out, F6 (Popup, 6, EV 64.4 MPH)
Top of the 1st over - 0 runs, 0 hits, 0 errors, 0 left on base; Lakeland 0 - Daytona 0
BOTTOM OF THE 1ST
Daytona Tortugas batting - Pitching for Lakeland Flying Tigers : RHP Sam Lambright
Pitching: RHP Sam Lambright
Batting: RHB Greg Allison 0-0: Called Strike
0-1: Swinging Strike
0-2: Ball
1-2: Ball
2-2: Strikes out swinging
Batting: RHB Robinson García 0-0: Ball
1-0: Ball
2-0: Foul Ball, location: 7LDF
2-1: Swinging Strike
2-2: Strikes out swinging
Batting: RHB Gene Glass 0-0: Ball
1-0: Called Strike
1-1: Called Strike
1-2: Ground out 4-3 (Groundball, 4, EV 88.1 MPH)
Bottom of the 1st over - 0 runs, 0 hits, 0 errors, 0 left on base; Lakeland 0 - Daytona 0
TOP OF THE 2ND
Lakeland Flying Tigers batting - Pitching for Daytona Tortugas : RHP Kel Carlson
Batting: RHB José Medina 0-0: Called Strike
0-1: Ball
1-1: Ball
2-1: SINGLE (Groundball, 56D, EV 98.8 MPH)
Batting: RHB Dan Murdock 0-0: Swinging Strike
0-1: Ball
1-1: Ball
2-1: Ball
3-1: Base on Balls
José Medina to second
Batting: SHB Johnathan Green 0-0: Bunt missed!
0-1: Foul Ball, location: 7LDF
0-2: Ball
1-2: Ball
2-2: Ball
3-2: Foul Ball, location: 2F
3-2: Base on Balls
José Medina to third
Dan Murdock to second
Batting: RHB Randy Leduc 0-0: Foul Ball, location: 2F
0-1: Ball
1-1: Fly out, F8 (Flyball, 8RD, EV 98.8 MPH)
Runner from 3rd tags up, SCORES, throw by CF
Batting: RHB Kevin Billings 0-0: Ball
1-0: Ball
2-0: Ball
3-0: Base on Balls
Dan Murdock to third
Johnathan Green to second
Batting: SHB Steve Henning 0-0: Ball
1-0: Called Strike
1-1: Ball
2-1: Swinging Strike
2-2: Strikes out swinging
Batting: RHB Ismael Mason 0-0: Ground out 6-3 (Groundball, 56, EV 100.0 MPH)
Top of the 2nd over - 1 run, 1 hit, 0 errors, 3 left on base; Lakeland 1 - Daytona 0
BOTTOM OF THE 2ND
Daytona Tortugas batting - Pitching for Lakeland Flying Tigers : RHP Sam Lambright
Batting: SHB Jim Unknown 0-0: Ball
1-0: Ball
2-0: Fly out, F8 (Flyball, 78M, EV 85.6 MPH)
Batting: RHB Augusto Lerma 0-0: Called Strike
0-1: Fly out, F8 (Flyball, 89S, EV 78.8 MPH)
Batting: LHB Brad Jones 0-0: Called Strike
0-1: Ball
1-1: Called Strike
1-2: Strikes out swinging
Bottom of the 2nd over - 0 runs, 0 hits, 0 errors, 0 left on base; Lakeland 1 - Daytona 0
TOP OF THE 3RD
Lakeland Flying Tigers batting - Pitching for Daytona Tortugas : RHP Kel Carlson
Batting: RHB Ghassan Umair 0-0: Ball
1-0: Called Strike
1-1: Ground out 5-3 (Groundball, 56, EV 87.5 MPH)
Batting: LHB José Ríos 0-0: Ball
1-0: Ball
2-0: Ball
3-0: Base on Balls
Batting: RHB José Medina 0-0: DOUBLE (Groundball, 5L, EV 101.9 MPH)
José Ríos to third
Runner from 3rd tries for Home, SAFE, no throw by LF
Batting: RHB Dan Murdock 0-0: Ball
1-0: Ground out U3 (Groundball, 34, EV 97.5 MPH)
José Medina to third
Batting: SHB Johnathan Green 0-0: Foul Ball, location: 2F
0-1: Fly out, F4 (Popup, 4M, EV 66.9 MPH)
Top of the 3rd over - 1 run, 1 hit, 0 errors, 1 left on base; Lakeland 2 - Daytona 0
BOTTOM OF THE 3RD
Daytona Tortugas batting - Pitching for Lakeland Flying Tigers : RHP Sam Lambright
Batting: RHB José Reyes 0-0: Ball
1-0: Foul Ball, location: 2F
1-1: Swinging Strike
1-2: Strikes out swinging
Batting: RHB Jim Unknown 0-0: Ball
1-0: Fly out, F3 (Popup, 34, EV 76.9 MPH)
Batting: LHB Ernesto Pacheco 0-0: Swinging Strike
0-1: Foul Ball, location: 5SF
0-2: Strikes out swinging
Bottom of the 3rd over - 0 runs, 0 hits, 0 errors, 0 left on base; Lakeland 2 - Daytona 0
TOP OF THE 4TH
Lakeland Flying Tigers batting - Pitching for Daytona Tortugas : RHP Kel Carlson
Batting: RHB Randy Leduc 0-0: Called Strike
0-1: Ball
1-1: Foul Ball, location: 9LSF
1-2: Ball
2-2: Foul Ball, location: 5FF
2-2: SINGLE (Groundball, 6MD, EV 103.8 MPH)
Pitching: LHP Jim Unknown
Batting: RHB Kevin Billings 0-0: Called Strike
0-1: Foul Ball, location: 2F
0-2: DOUBLE (Line Drive, 89M, EV 108.8 MPH)
Randy Leduc to third
Batting: SHB Steve Henning 0-0: 3-RUN HOME RUN (Flyball, 7D, EV 96.9 MPH), Distance : 357 ft
Batting: RHB Ismael Mason 0-0: Called Strike
0-1: DOUBLE (Line Drive, 5D, EV 98.1 MPH)
Batting: RHB Ghassan Umair 0-0: 2-RUN HOME RUN (Flyball, 7D, EV 93.1 MPH), Distance : 357 ft
Pitching: RHP Jim Unknown
Batting: LHB José Ríos 0-0: Ball
1-0: Foul Ball, location: 3SF
1-1: Swinging Strike
1-2: Fly out, F7 (Flyball, 78M, EV 85.0 MPH)
Batting: RHB José Medina 0-0: Ball
1-0: DOUBLE (Flyball, 89D, EV 110.6 MPH)
Batting: RHB Dan Murdock 0-0: Ball
1-0: Swinging Strike
1-1: Ball
2-1: Foul Ball, location: 25FF
2-2: Strikes out swinging
Batting: SHB Johnathan Green 0-0: Ball
1-0: Called Strike
1-1: Called Strike
1-2: Ball
2-2: Foul Ball, location: 2F
2-2: Foul Ball, location: 5SF
2-2: Ball
3-2: Ground out 4-3 (Groundball, 4, EV 64.4 MPH)
Top of the 4th over - 5 runs, 6 hits, 0 errors, 1 left on base; Lakeland 7 - Daytona 0
BOTTOM OF THE 4TH
Daytona Tortugas batting - Pitching for Lakeland Flying Tigers : RHP Sam Lambright
Batting: RHB Greg Allison 0-0: Ball
1-0: Called Strike
1-1: Ball
2-1: Called Strike
2-2: DOUBLE (Line Drive, 89D, EV 97.5 MPH)
Batting: RHB Robinson García 0-0: Ball
1-0: Called Strike
1-1: Ball
2-1: Ball
3-1: Foul Ball, location: 25F
3-2: Foul Ball, location: 2F
3-2: Foul Ball, location: 9LDF
3-2: Base on Balls
Batting: RHB Gene Glass 0-0: SINGLE (Line Drive, 9S, EV 98.1 MPH)
Greg Allison to third
Robinson García to second
Batting: SHB Jim Unknown 0-0: Foul Ball, location: 2F
0-1: Called Strike
0-2: Ball
1-2: Strikes out swinging
Batting: RHB Augusto Lerma 0-0: Swinging Strike
0-1: Foul Ball, location: 2F
0-2: Foul Ball, location: 5FF
0-2: Ball
1-2: Ball
2-2: Foul Ball, location: 2F
2-2: Strikes out swinging
Batting: LHB Brad Jones 0-0: Ball
1-0: Swinging Strike
1-1: Ball
2-1: Ball
3-1: Foul Ball, location: 23F
3-2: Ground out 4-3 (Groundball, 4, EV 81.3 MPH)
Bottom of the 4th over - 0 runs, 2 hits, 0 errors, 3 left on base; Lakeland 7 - Daytona 0
TOP OF THE 5TH
Lakeland Flying Tigers batting - Pitching for Daytona Tortugas : RHP Jim Unknown
Batting: RHB Randy Leduc 0-0: Foul Ball, location: 3F
0-1: Ball
1-1: Foul Ball, location: 2F
1-2: Foul Ball, location: 2F
1-2: Ball
2-2: Ground out 5-3 (Groundball, 56S, EV 71.9 MPH)
Batting: RHB Kevin Billings 0-0: Called Strike
0-1: Called Strike
0-2: Ball
1-2: Foul Ball, location: 2F
1-2: Foul Ball, location: 5F
1-2: Ground out 5-3 (Groundball, 56, EV 101.3 MPH)
Batting: SHB Steve Henning 0-0: Ball
1-0: Called Strike
1-1: Fly out, F8 (Flyball, 8RD, EV 86.3 MPH)
Top of the 5th over - 0 runs, 0 hits, 0 errors, 0 left on base; Lakeland 7 - Daytona 0
BOTTOM OF THE 5TH
Daytona Tortugas batting - Pitching for Lakeland Flying Tigers : RHP Sam Lambright
Batting: RHB José Reyes 0-0: Called Strike
0-1: Ball
1-1: Foul Ball, location: 2F
1-2: Ball
2-2: Strikes out looking
Batting: RHB Jim Unknown 0-0: Ball
1-0: Ball
2-0: Ball
3-0: Base on Balls
Batting: LHB Ernesto Pacheco 0-0: Called Strike
Jim Unknown steals 2nd base
0-1: Swinging Strike
0-2: Ball
1-2: Ball
2-2: Fly out, F8 (Flyball, 8RM, EV 89.4 MPH)
Batting: RHB Greg Allison 0-0: Ball
1-0: Called Strike
1-1: Fly out, F2 (Popup, 25F, EV 88.8 MPH)
Bottom of the 5th over - 0 runs, 0 hits, 0 errors, 1 left on base; Lakeland 7 - Daytona 0
TOP OF THE 6TH
Lakeland Flying Tigers batting - Pitching for Daytona Tortugas : RHP Jim Unknown
Batting: RHB Ismael Mason 0-0: Foul Ball, location: 2F
0-1: Swinging Strike
0-2: Ball
1-2: Foul Ball, location: 2F
1-2: Ball
2-2: Foul Ball, location: 9LMF
2-2: Foul Ball, location: 2F
2-2: Foul Ball, location: 3FF
2-2: Strikes out swinging
Batting: RHB Ghassan Umair 0-0: Fly out, F8 (Flyball, 8LM, EV 93.1 MPH)
Batting: LHB José Ríos 0-0: Swinging Strike
0-1: Foul Ball, location: 7LMF
0-2: Ball
1-2: Ball
2-2: Ball
3-2: Ground out U3 (Groundball, 3L, EV 90.0 MPH)
Top of the 6th over - 0 runs, 0 hits, 0 errors, 0 left on base; Lakeland 7 - Daytona 0
BOTTOM OF THE 6TH
Daytona Tortugas batting - Pitching for Lakeland Flying Tigers : RHP Sam Lambright
Batting: RHB Robinson García 0-0: Called Strike
0-1: Ball
1-1: Fly out, F9 (Flyball, 9S, EV 105.6 MPH)
Batting: RHB Gene Glass 0-0: Ground out 6-3 (Groundball, 4MS, EV 83.1 MPH)
Batting: SHB Jim Unknown 0-0: Swinging Strike
0-1: Called Strike
0-2: Ball
1-2: Foul Ball, location: 23F
1-2: Strikes out swinging
Bottom of the 6th over - 0 runs, 0 hits, 0 errors, 0 left on base; Lakeland 7 - Daytona 0
TOP OF THE 7TH
Lakeland Flying Tigers batting - Pitching for Daytona Tortugas : RHP Jim Unknown
Batting: RHB José Medina 0-0: Ball
1-0: Foul Ball, location: 7LMF
1-1: Ball
2-1: Swinging Strike
2-2: Ball
3-2: Fly out, F7 (Flyball, 7D, EV 78.8 MPH)
Pinch Hitting: RHB Chad Cantrell 0-0: Swinging Strike
0-1: Ball
1-1: Ground out 3-1 (Groundball, 34, EV 85.0 MPH)
Batting: SHB Johnathan Green 0-0: Ball
1-0: Ball
2-0: Ball
3-0: Foul Ball, location: 2F
3-1: Base on Balls
Batting: RHB Randy Leduc 0-0: Called Strike
0-1: SINGLE (Groundball, 4MD, EV 110.0 MPH)
Johnathan Green to second
Runner from 2nd tries for 3rd, SAFE, throw by CF made to third
Batting: RHB Kevin Billings 0-0: Ball
1-0: Called Strike
1-1: Foul Ball, location: 7LMF
1-2: Foul Ball, location: 2F
1-2: Foul Ball, location: 7LMF
1-2: DOUBLE (Flyball, 89XD, EV 90.6 MPH)
Johnathan Green scores
Randy Leduc to third
Runner from 3rd tries for Home, SAFE, throw by RF to home
Batting: SHB Steve Henning 0-0: Ground out U3 (Groundball, 34S, EV 82.5 MPH)
Top of the 7th over - 2 runs, 2 hits, 0 errors, 1 left on base; Lakeland 9 - Daytona 0
BOTTOM OF THE 7TH
Daytona Tortugas batting - Pitching for Lakeland Flying Tigers : RHP Sam Lambright
Now at 1B: Chad Cantrell
Pinch Hitting: RHB Manny Vázquez 0-0: Fly out, F9 (Flyball, 9D, EV 97.5 MPH)
Batting: LHB Brad Jones 0-0: Ball
1-0: Foul Ball, location: 23F
1-1: Foul Ball, location: 5FF
1-2: Ball
2-2: Ball
3-2: Strikes out swinging
Batting: RHB José Reyes 0-0: Called Strike
0-1: Ball
1-1: Foul Ball, location: 23F
1-2: Foul Ball, location: 3DF
1-2: Strikes out looking
Bottom of the 7th over - 0 runs, 0 hits, 0 errors, 0 left on base; Lakeland 9 - Daytona 0
TOP OF THE 8TH
Lakeland Flying Tigers batting - Pitching for Daytona Tortugas : RHP Jim Unknown
Pitching: RHP Jim Unknown
Now in LF: Manny Vázquez
Pinch Hitting: RHB Luis Galló 0-0: Ball
1-0: Ball
2-0: Fly out, F7 (Flyball, 7S, EV 80.6 MPH)
Batting: RHB Ghassan Umair 0-0: Swinging Strike
0-1: Ball
1-1: Ball
2-1: Ground out 4-3 (Groundball, 4S, EV 81.3 MPH)
Batting: LHB José Ríos 0-0: Ball
1-0: Ball
2-0: Ball
3-0: Called Strike
3-1: Swinging Strike
3-2: Fly out, F5 (Popup, 56S, EV 75.6 MPH)
Top of the 8th over - 0 runs, 0 hits, 0 errors, 0 left on base; Lakeland 9 - Daytona 0
BOTTOM OF THE 8TH
Daytona Tortugas batting - Pitching for Lakeland Flying Tigers : RHP Sam Lambright
Now in LF: Luis Galló
Now in RF: Randy Leduc
Batting: RHB Jim Unknown 0-0: Called Strike
0-1: Fly out, F9 (Flyball, 9, EV 88.8 MPH)
Batting: LHB Ernesto Pacheco 0-0: Ball
1-0: Called Strike
1-1: Swinging Strike
1-2: Strikes out swinging
Pinch Hitting: LHB Zak O'Toole 0-0: Ball
1-0: Swinging Strike
1-1: Foul Ball, location: 2F
1-2: Ball
2-2: Foul Ball, location: 9LSF
2-2: Ground out 6-3 (Groundball, 6, EV 87.5 MPH)
Bottom of the 8th over - 0 runs, 0 hits, 0 errors, 0 left on base; Lakeland 9 - Daytona 0
TOP OF THE 9TH
Lakeland Flying Tigers batting - Pitching for Daytona Tortugas : RHP Jim Unknown
Now in CF: Zak O'Toole
Batting: RHB José Medina 0-0: Called Strike
0-1: Ball
1-1: Called Strike
1-2: Foul Ball, location: 2F
1-2: Foul Ball, location: 5FF
1-2: Ball
2-2: Strikes out swinging
Pinch Hitting: RHB Josh Webb 0-0: Ball
1-0: Foul Ball, location: 3F
1-1: Foul Ball, location: 3F
1-2: SINGLE (Groundball, 4MD, EV 98.1 MPH)
Batting: SHB Johnathan Green 0-0: Ball
1-0: Called Strike
1-1: Foul Ball, location: 2F
1-2: Strikes out looking
Batting: RHB Randy Leduc 0-0: Called Strike
0-1: Foul Ball, location: 7LDF
0-2: Ground out 1-3 (Groundball, P, EV 68.1 MPH)
Top of the 9th over - 0 runs, 1 hit, 0 errors, 1 left on base; Lakeland 9 - Daytona 0
BOTTOM OF THE 9TH
Daytona Tortugas batting - Pitching for Lakeland Flying Tigers : RHP Sam Lambright
Pitching: RHP Curt Brewer
Now at 1B: José Medina
Now in CF: Randy Leduc
Now in RF: Juan Delgado
Pinch Hitting: LHB Julián Zamora 0-0: Ground out 4-3 (Groundball, 34D, EV 84.4 MPH)
Pinch Hitting: RHB Jim Unknown 0-0: Ball
1-0: Called Strike
1-1: Called Strike
1-2: Ball
2-2: Hit by Pitch
Batting: SHB Jim Unknown 0-0: Called Strike
0-1: Swinging Strike
0-2: Foul Ball, location: 5SF
0-2: Fielders Choice at 2nd, 4-6 (Groundball, 34, EV 106.3 MPH)
Pinch Hitting: LHB Octávio García 0-0: Foul Ball, location: 7LSF
0-1: Foul Ball, location: 2F
0-2: Ball
1-2: Fly out, F7 (Flyball, 78S, EV 96.3 MPH)
Bottom of the 9th over - 0 runs, 0 hits, 0 errors, 1 left on base; Lakeland 9 - Daytona 0
Friday, May 3rd , 2024 - OOTP Baseball 24.10 Build 82